Map: Deathaura LE

Players

A.I. 1 (Elite)

  • Race: Protoss Protoss
  • Spawn Location: 11:00

Furis - Winner!

  • Race: Terran Terran
  • Spawn Location: 5:00

VOD

Have the link to the VOD?

Description

Time

  • Played on: March 23, 2021, 12:27 p.m.
  • Length: 6:24
Show
View Real Time Build Order
Export as new Build Order

A.I. 1 (Elite) Protoss 

Build Orders: 1 Gate Expand 

Get SALT Encoding   

  12  0:00  Probe  
  13  0:13  Probe  
  14  0:20  Pylon  
  14  0:25  Probe  
  15  0:34  Probe  
  15  0:42  Probe  
  17  0:50  Gateway  
  17  0:52  Probe  
  18  1:00  Probe  
  19  1:14  Probe, Nexus  
  20  1:26  Probe  
  21  1:36  Pylon  
  21  1:38  Zealot  
  23  1:46  Cybernetics Core  
  23  1:47  Assimilator  
  23  1:54  Probe  
  24  2:03  Probe  
  25  2:11  Probe  
  26  2:19  Probe  
  26  2:22  Pylon  
  26  2:26  Probe  
  26  2:27  Probe  
  28  2:32  Warp Gate  
  28  2:35  Gateway  
  29  2:37  Probe  
  29  2:39  Assimilator  
  30  2:51  Pylon  
  30  2:52  Stalker  
  30  2:53  Probe  
  30  2:54  Probe  
  34  3:03  Probe  
  35  3:06  Probe  
  36  3:12  Probe  
  36  3:19  Probe  
  38  3:21  Adept  
  38  3:22  Adept  
  38  3:26  Probe  
  42  3:29  Robotics Facility  
  42  3:31  Probe  
  42  3:34  Probe  
  45  3:43  Probe  
  45  3:44  Probe  
  47  3:49  Adept  
  47  3:51  Adept  
  51  3:56  Probe  
  51  3:59  Pylon  
  51  4:00  Probe  
  53  4:08  Probe  
  54  4:11  Gateway  
  54  4:15  Probe  
  55  4:19  Robotics Bay  
  55  4:23  Pylon  
  55  4:24  Adept  
  55  4:28  Observer, Probe  
  55  4:29  Adept  
  61  4:32  Pylon  
  61  4:33  Probe  
  62  4:50  Robotics Facility  
  62  4:56  Stalker  
  64  5:00  Zealot, Pylon  
  64  5:06  Zealot  
  68  5:17  Pylon  
  68  5:19  Stalker  
  68  5:21  Zealot  
  72  5:26  Zealot  
  74  5:42  Assimilator  
  74  5:43  Probe  
  74  5:44  Assimilator  
  74  5:48  Zealot x3  
  63  5:58  Nexus  
  63  6:02  Pylon  
  63  6:04  Zealot  
  57  6:08  Zealot  
  57  6:09  Zealot  
  45  6:14  Zealot  
Show
View Real Time Build Order
Export as new Build Order

Furis Terran - Winner!

Build Orders:  

Get SALT Encoding   

  12  0:00  SCV  
  13  0:12  SCV  
  14  0:16  Supply Depot  
  14  0:24  SCV  
  15  0:38  SCV  
  15  0:39  Barracks  
  16  0:50  SCV  
  16  0:54  Barracks  
  17  1:02  SCV  
  18  1:05  Supply Depot  
  18  1:14  SCV  
  19  1:26  Marine  
  19  1:28  Orbital Command  
  20  1:41  Marine  
  20  1:44  Marine  
  22  1:53  SCV  
  23  1:59  Marine  
  24  2:02  Marine  
  24  2:06  Command Center  
  25  2:09  SCV  
  26  2:17  Marine  
  26  2:20  Marine  
  26  2:21  SCV  
  29  2:30  Supply Depot  
  29  2:33  Refinery, SCV  
  29  2:34  Marine  
  29  2:36  Refinery  
  31  2:48  Barracks  
  31  2:51  Marine, SCV  
  33  3:03  SCV  
  33  3:05  Marine  
  34  3:11  Barracks Reactor  
  35  3:15  SCV  
  35  3:18  Orbital Command  
  36  3:24  Barracks Tech Lab  
  36  3:28  SCV  
  36  3:31  Engineering Bay  
  37  3:36  Barracks Reactor  
  37  3:40  SCV  
  38  3:42  Stimpack  
  38  3:45  Marine  
  38  3:47  SCV  
  40  3:51  Supply Depot  
  40  3:52  Marine, SCV  
  40  3:53  Marine  
  43  3:59  SCV  
  43  4:00  Terran Infantry Weapons Level 1  
  44  4:04  SCV  
  44  4:05  Marauder  
  47  4:10  Supply Depot, Marine x2  
  47  4:11  SCV  
  47  4:13  Marine x2  
  47  4:16  SCV  
  53  4:23  SCV  
  54  4:26  Marauder  
  54  4:28  Marine x2, SCV  
  54  4:29  Supply Depot  
  59  4:33  Marine x2  
  59  4:35  SCV  
  62  4:40  SCV  
  63  4:46  Supply Depot, Marine x2  
  63  4:47  SCV  
  63  4:48  Marauder  
  63  4:51  Factory  
  68  4:55  SCV  
  68  4:58  Marine x2  
  68  4:59  SCV  
  72  5:04  Marine x2  
  72  5:06  Supply Depot  
  74  5:09  Marauder  
  76  5:22  Concussive Shells  
  76  5:26  SCV x2  
  78  5:30  Refinery  
  78  5:31  Refinery  
  78  5:34  Starport  
  78  5:35  Factory Reactor  
  78  5:36  Marine x3  
  78  5:37  Marauder  
  78  5:39  Command Center  
  83  5:47  Barracks  
  83  5:49  Barracks  
  69  6:00  Marauder, Marine x2  
  69  6:01  Marine  
Tags
 
Add a new tag
Caveats
  • Supply blocks, unpowered buildings, or Contaminate may cause inaccurate times.
  • Supply counts are checked every 10 seconds.